← All builds
Geo sea / Armada / Economy first / OBSERVED BUILD

Standard geo sea

Armada Geo sea build order · Supreme Isthmus

Standard Geo sea play: bot lab then shipyard in the cove, an early submarine and destroyer to contest the sea, geothermal around 7:40 to fund the later fleet transition.

Usually shipyard in the cove (87%)

#naval #eco · 741 distinct matches · 101 players · 80% of Armada Geo sea games · team won 54% of 791 · Recently observed

HOW TO PLAY IT

Key timing: Shipyard by 3:13

  1. Open 3 mex and wind into Bot Lab.
  2. Put up Shipyard with naval turret and BP for defense.
  3. Send out "submarine" then "destroyer" to contest the sea.
  4. Bring geothermal online to fund the fleet.
  5. Add Advanced Metal Extractor as the economy transitions.

Phase by phase

TYPICAL OF ITS 741 GAMES
  1. 1
  2. 2
  3. 3
  4. 4
PLAY THE OPENING

Follow the example game's first 6:00 step by step: what to build now, what comes next, and where it goes. At 1× it keeps pace with your own game.

  1. 1

    Up to the Bot Lab

    Economy
    • Metal Extractor3Mex
    • Wind Turbine3Wind
    Order
    1. Bot LabBot Lab after 3 mex, 3 winddone ~1:12, middle half 1:06–1:18

    Some games also: wind for allies (44%)

    By 0:55 in all: 3 mex · 3 wind

    The example game in this phase · 4 steps
    1. Mex ×3
    2. Wind ×4
    3. Windfor Air
    4. Bot LabBot Labdone 1:21 · typical 1:12
  2. 2

    Bot Lab to Shipyard

    Economy
    • Metal Extractor1Mex
    • Wind Turbine1Wind
    Order
    1. ShipyardShipyard after 4 mex, 4 winddone ~3:11, middle half 2:50–3:36
    Builders
    • Construction Bot3 Con bot
    • Lazarus2 Lazarus

    Some games also: pawn (43%) · con turret (37%) · crossbow (35%)

    By 2:47 in all: 4 mex · 4 wind

    The example game in this phase · 19 steps
    1. LazarusLazarus
    2. Windfor Air
    3. Construction BotCon bot
    4. Wind ×2
    5. Energy storage
    6. PawnPawnfor Suicide front
    7. Con turret
    8. LazarusLazarus
    9. Construction BotCon bot
    10. PawnPawnfor Suicide front
    11. Mex
    12. Con turret
    13. PawnPawn
    14. PawnPawn ×2for Suicide front
    15. Mex
    16. LazarusLazarus
    17. SentrySentry
    18. PawnPawn
    19. ShipyardShipyarddone 3:59 · typical 3:11
  3. 3

    Shipyard to 5:00

    Economy
    • Metal Extractor4Mex
    • Wind Turbine1Wind
    Builders
    • Construction Ship1 Con ship
    Army
    • Dolphin3 Dolphin
    • Skater1 Skater
    • Corsair1 Destroyer
    Other
    • Radar Tower1 Radar Tower

    Some games also: submarine (44%) · Sentry (44%) · converter (32%) · pawn (32%) · con turret (31%)

    By 5:00 in all: 8 mex · 7 wind · 1 energy storage · 1 con turret

    The example game in this phase · 8 steps
    1. PawnPawn ×4
    2. LazarusLazarus
    3. Construction ShipCon ship
    4. Mex
    5. DolphinDolphin ×3
    6. SentrySentry ×2
    7. DolphinDolphin
    8. SentrySentry
  4. 4

    5:00 to 10:00

    Economy
    • Metal Extractor2Mex
    • Wind Turbine12Wind
    • Energy Converter2Converter
    Builders
    • Construction Turret1 Con turret
    • Construction Ship1 Con ship
    • Grim Reaper1 Grim Reaper
    Army
    • Sentry1 Sentry
    • Dolphin5 Dolphin
    • Corsair2 Destroyer
    • Skater2 Skater

    Some games also: Radar Tower (48%) · geo (40%) · frigate (40%) · Harpoon (39%) · Naval Construction Turret (34%)

    By 10:00 in all: 11 mex · 19 wind · 1 geo · 4 converter · 1 energy storage · 2 con turret

    The example game in this phase · 99 steps
    1. PawnPawn
    2. DolphinDolphin
    3. Mex
    4. SentrySentry
    5. PawnPawn
    6. Radar TowerRadar Tower
    7. DolphinDolphin
    8. Mex
    9. SkaterSkater
    10. SentrySentry
    11. EelSubmarinedone 6:14 · typical 4:21
    12. Mex
    13. CorsairDestroyerdone 6:47 · typical 5:36
    14. Naval Radar / Sonar TowerNaval Radar / Sonar Tower
    15. EllysawFrigate ×3
    16. Geothermal PowerplantGeodone 8:13 · typical 7:46
    17. Naval Radar / Sonar TowerNaval Radar / Sonar Tower
    18. SentrySentry
    19. Mex
    20. Advanced Metal ExtractorT2 mexdone 9:22 · typical 9:17
    21. HarpoonHarpoon
    22. Con turret
    23. Construction ShipCon ship
    24. HarpoonHarpoon
    25. Con turret
    26. DolphinDolphin ×2
    27. Mex
    28. Advanced Metal ExtractorT2 mex
    29. DolphinDolphin ×2
    30. Mex
    31. Advanced Metal ExtractorT2 mex
    32. Hovercraft PlatformHovercraft Platformdone 10:36
    33. Con turret
    34. Advanced ShipyardAdvanced Shipyarddone 11:40
    35. Con turret
    36. Construction HovercraftCon hovercraft
    37. Mex
    38. CrocodileCrocodile ×2
    39. Wind
    40. Advanced Metal ExtractorT2 mex
    41. CrocodileCrocodile ×2
    42. Con turret
    43. Wind
    44. Mex
    45. Con turret ×2
    46. Advanced Construction SubAdvanced Construction Sub
    47. Wind
    48. Con turret
    49. CrocodileCrocodile
    50. Naval Radar / Sonar TowerNaval Radar / Sonar Tower
    51. SweeperSweeper
    52. Wind
    53. VoyagerVoyager
    54. Naval Radar / Sonar TowerNaval Radar / Sonar Tower
    55. Wind
    56. CrocodileCrocodile
    57. Wind
    58. VoyagerVoyager
    59. CrocodileCrocodile
    60. Wind
    61. VoyagerVoyager
    62. Wind
    63. Advanced Metal ExtractorT2 mex
    64. CrocodileCrocodile
    65. Wind
    66. BermudaRadar jammer ship
    67. Wind
    68. CrocodileCrocodile
    69. Naval Advanced Metal ExtractorNaval Advanced Metal Extractordone 13:05
    70. Wind
    71. SweeperSweeper
    72. Wind
    73. CrocodileCrocodile
    74. HavenHaven
    75. Naval Advanced Metal ExtractorNaval Advanced Metal Extractor
    76. Wind
    77. CrocodileCrocodile
    78. SweeperSweeper
    79. Advanced Metal ExtractorT2 mex
    80. Wind
    81. Bot LabBot Labdone 14:17
    82. Wind ×3
    83. LongbowMissile cruiserdone 14:21
    84. Wind ×5
    85. Naval Advanced Metal ExtractorNaval Advanced Metal Extractor
    86. Wind ×4
    87. Construction BotCon bot
    88. Wind ×2
    89. LongbowMissile cruiser
    90. DragonslayerDragonslayernot finished by 15:00
    91. Wind
    92. SerpentSerpentnot finished by 15:00
    93. DreadnoughtBattleshipnot finished by 15:00
    94. Wind ×6
    95. Advanced Geothermal PowerplantAdvanced Geothermal Powerplantnot finished by 15:00
    96. Wind ×2
    97. Sneaky PeteSneaky Pete
    98. Wind ×4
    99. Naval Advanced Metal ExtractorNaval Advanced Metal Extractor

Counts are medians over the build's games: half of them build more, half fewer. The example game is TekilaPaf's (36 OS, 17/08/2026); pick another.

Team trades

IN AT LEAST 30% OF ITS GAMES

You hand over

  • Wind Turbine2 Wind to Airfirst at 1:41 · in 62% of games

You get

  • Finch1 Finch from Airfirst at 1:51 · in 74% of games
  • Hercules1 Light transport from Airfirst at 2:05 · in 63% of games
  • Advanced Construction Bot1 T2 con bot from Techfirst at 7:41 · in 89% of games

How it plays out

Typical game of this build, running totals by minute

Metal produced

010k20k30k
0:005:0010:0015:00

metal

Enemy metal destroyed

05k10k
0:005:0010:0015:00

metal

Own metal lost

02.5k5k7.5k
0:005:0010:0015:00

metal

791 games.

Show as table
ByMetal produced: This buildEnemy metal destroyed: This buildOwn metal lost: This build
1:0039500
2:0092800
3:00160200
4:002919051
5:00414517674
6:005553544312
7:0071121005650
8:00877617751054
9:001068325511695
10:001295135102275
11:001568346973191
12:001864157823974
13:002185969034814
14:002555779955686
15:002902091276710
WHAT THE NUMBERS SAY

Standard Armada geo sea nearly matches Cortex's economy numbers but wins slightly more often at 53%.

  • + Metal produced reaches 28785 by 15:00, the highest of the sea builds
  • + Own metal lost of 6895 stays well under enemy metal destroyed's 9048
  • − Geothermal only lands in 58% of games by 7:34
  • − T2 factory completes in only 40% of games by 12:43
THE EXAMPLE YOU ARE READING

TekilaPaf

36.4 OS · 17/08/2026

Open source match ↗

4 received units · includes a constructor
179 metal received · 83598 energy received

Allied construction assistance is unknown. Timings are observations, not a promise of solo reproducibility.

Typical milestones

Bot Lab1:12Middle 50%: 1:06–1:18 · n=759
Shipyard3:11Middle 50%: 2:50–3:36 · n=780
Eel4:21Middle 50%: 3:41–5:34 · n=473
Corsair5:36Middle 50%: 4:50–6:34 · n=730
Geothermal Powerplant7:46Middle 50%: 6:48–9:15 · n=482
Advanced Metal Extractor9:17Middle 50%: 8:37–10:06 · n=689

Played most by

Optimusprimenutt52games of this build_X_49games of this buildKingBenjai49games of this buildhaaven43games of this buildHummell34games of this build